 Dungeon Crawl Stone Soup version 0.31-a0-1424-g2add1c7226 (webtiles) character file.

Game seed: 7516016985205184776

3236 gohu the Grappler (level 9, -3/80 HPs)
             Began as a Troll Gladiator on Dec 26, 2023.
             Was an Elder of Makhleb.
             Slain by a centaur
             ... wielding a +0 quarterstaff
              (5 damage)
             ... on level 6 of the Dungeon.
             The game lasted 00:29:49 (5692 turns).

gohu the Grappler (Troll Gladiator)                 Turns: 5692, Time: 00:29:50

Health: -3/80      AC:  5    Str: 40    XL:     9   Next: 66%
Magic:  8/8        EV: 10    Int:  4    God:    Makhleb [****..]
Gold:   535        SH:  0    Dex: 11    Spells: 8/8 levels left

rFire   . .          .
                       - Unarmed
rCold   . . .        (no shield)
rNeg    . . .        a - +0 robe
rPois   .            b - +1 hat
rElec   .            (no cloak)
rCorr   .            (gloves unavailable)
SInv    .            (boots unavailable)
Will    .....        f - amulet of faith
Stlth   +            p - ring of the Voivode {Str+6 Slay+2}
HPRegen 1.13/turn    H - +6 ring of strength
MPRegen 0.11/turn

%: faith
@: studying Hexes
A: large, unfitting armour, claws 3, regeneration 1, shaggy fur 1, tough skin 1
a: Renounce Religion, Minor Destruction, Lesser Servant of Makhleb, Major
Destruction


You were on level 6 of the Dungeon.
You worshipped Makhleb.
Makhleb was greatly pleased with you.
You visited 2 branches of the dungeon, and saw 9 of its levels.
You also visited: Ossuary.

You collected 535 gold pieces.

Inventory:

Missiles
 c - 3 throwing nets
 i - 2 javelins
 s - 2 boomerangs (quivered)
 y - 37 stones
 G - 6 datura-tipped darts
 I - 2 curare-tipped darts
Armour
 a - a +0 robe (worn)
 b - a +1 hat (worn)
Jewellery
 f - an amulet of faith (around neck)
 p - the ring of the Voivode (left claw) {Str+6 Slay+2}
   (You found it on level 2 of the Dungeon)

   [ring of strength]

   Str+6:     It affects your strength (+6).
   Slay+2:    It affects your accuracy & damage with ranged weapons and melee
   (+2).
 t - an amulet of guardian spirit
 v - a ring of willpower
 F - an amulet of magic regeneration
 H - a +6 ring of strength (right claw)
 J - a +4 ring of protection
Talismans
 d - a granite talisman
 g - a beast talisman
Wands
 B - a wand of charming (4)
Scrolls
 h - 2 scrolls of enchant armour
 k - a scroll of revelation
 o - 2 scrolls of teleportation
 r - 3 scrolls of fog
 x - a scroll of amnesia
 z - a scroll of vulnerability
 A - a scroll of silence
 C - a scroll of blinking
 E - a scroll of fear
Potions
 e - a potion of resistance
 j - a potion of invisibility
 l - a potion of curing
 m - 3 potions of heal wounds {unknown}
 n - 4 potions of lignification {unknown}
 q - 3 potions of might {unknown}
 u - a potion of haste
 w - a potion of enlightenment
 D - a potion of mutation


   Skills:
 + Level 2.9 Fighting
 + Level 5.3 Throwing
 + Level 3.3 Dodging
 + Level 12.0 Unarmed Combat
 * Level 1.0 Invocations


You had 8 spell levels left.
You didn't know any spells.
Your spell library contained the following spells:

 Spells                   Type           Power      Damage    Failure   Level
 Sandblast                Erth           0%         2d4       50%         1
 Ensorcelled Hibernation  Hex/Ice        0%         N/A       65%         2
 Passwall                 Alch/Erth      0%         N/A       65%         2
 Stone Arrow              Conj/Erth      0%         3d7       86%         3
 Swiftness                Air            0%         N/A       86%         3
 Brom's Barrelling Bould  Conj/Erth      0%         2d3       99%         4


Dungeon Overview and Level Annotations

Branches:
Dungeon (8/15)             Temple (1/1) D:4         Ossuary (visited)
   Lair: D:8-11

Altars:
Fedhas
Gozag
Hepliaklqana
Kikubaaqudgha
Makhleb
Nemelex Xobeh
Qazlal
Sif Muna
Trog
Xom
Zin

Shops:
D:2 :

Portals:
Abyss: D:1***

Annotations:
D:4 3 runed translucent doors, tulseluper's ghost, amateur HOFi
D:6 3 runed translucent doors, Chqr's ghost, amateur FeSu


Innate Abilities, Weirdness & Mutations

You are too large for most types of armour.
You have claws for hands.
Your natural rate of healing is unusually fast.
You are covered in fur. (AC +1)
You have tough skin. (AC +1)


Message History

A black bear comes into view.
The black bear growls angrily.
The centaur shoots an arrow.
The arrow closely misses you.
The centaur shoots an arrow.
The arrow hits you!
The orc shouts!
The orc priest shouts!
You hear a shout!
The centaur shoots an arrow.
The arrow barely misses you. The black bear bites you.
The black bear closely misses you. The black bear claws you.
You barely miss the black bear. The black bear bites you.
The black bear claws you but does no damage.
The black bear closely misses you.
You barely miss the black bear.
The orc shouts!
You hear a shout!
The centaur shoots an arrow.
The arrow hits you!
You scratch the black bear.
The black bear is lightly wounded.
The centaur shoots an arrow.
The arrow hits you! The black bear bites you.
The black bear completely misses you. The black bear claws you.
The centaur shoots an arrow.
The arrow hits you!
* * * LOW HITPOINT WARNING * * *
The centaur unwields a +0 orcbow.
The centaur wields a +0 quarterstaff.
The centaur hits you with a +0 quarterstaff.
* * * LOW HITPOINT WARNING * * *
The centaur kicks you but does no damage.
You scratch the centaur.
The centaur is lightly wounded.
The centaur hits you with a +0 quarterstaff!
* * * LOW HITPOINT WARNING * * *
The centaur kicks you but does no damage.
The black bear closely misses you. The black bear claws you.
* * * LOW HITPOINT WARNING * * *
The black bear barely misses you.
The black bear attacks as it pursues you!
The black bear bites you.
* * * LOW HITPOINT WARNING * * *
The black bear claws you but does no damage.
The black bear claws you.
* * * LOW HITPOINT WARNING * * *
The centaur hits you with a +0 quarterstaff.
You die...

.......# #...# ####.#####
.......# #...# #.# #...#### #...#
###.##### #...# #...#
######.......# ....#
######...#####.....<..###..
...###.......?.......####...#
<....(..................#......
...###.........hc....# #....##..
##.# #####....#@###... .....#
##.## #....#.# .#..... #.#.#
#....#.# #.##......
##..#######....#)# ....##.#
.............รท.#.######.....
##.# ..........8.................
...
##+++########.###.###..#.#.####..
oo......oo#...##.## #...........
o#####..o.#......# #........#..


You could see a black bear and a centaur.

Vanquished Creatures
  A wyvern (D:6)
  2 water moccasins
  An orc warrior (D:7)
  A sky beast (D:8)
  2 ice beasts
  A black bear (D:6)
  A wolf (D:8)
  2 ogres
  A phantom (D:7)
  2 kobold brigands (D:7)
  A bullfrog (D:7)
  A gnoll sergeant (D:7)
  2 scorpions
  4 wights (D:7)
  7 killer bees
  2 howler monkeys
  A bombardier beetle (D:3)
  3 hounds
  7 orc priests
  A human zombie (D:4)
  A sleepcap (D:5)
  3 jellies (D:6)
  2 gnoll boudas
  3 iguanas
  3 orc wizards
  A human skeleton (D:4)
  8 mummies (Ossuary)
  10 gnolls
  6 adders
  5 shadow imps (D:6)
  A white imp (D:6)
  2 ufetubi (D:5)
  A worm (D:2)
  A dart slug (D:1)
  22 orcs
  7 ball pythons
  7 endoplasms
  5 goblins
  8 hobgoblins
  6 quokkas
  A bat (D:2)
  2 frilled lizards
  4 hobgoblin zombies (Ossuary)
  13 kobolds
  3 kobold zombies (Ossuary)
  An orc skeleton (D:4)
  4 orc zombies
  3 rats
176 creatures vanquished.

Vanquished Creatures (others)
  A gnoll (D:5)
1 creature vanquished.

Grand Total: 177 creatures vanquished

Notes
Turn   | Place    | Note
-------+----------+-------------------------------------------
     0 | D:1      | gohu the Troll Gladiator began the quest for the Orb.
     0 | D:1      | Reached XP level 1. HP: 19/19 MP: 0/0
   258 | D:1      | Reached XP level 2. HP: 22/28 MP: 1/1
   788 | D:2      | Reached skill level 4 in Unarmed Combat
   788 | D:2      | Reached XP level 3. HP: 35/35 MP: 2/2
   799 | D:2      | Identified the ring of the Voivode {Str+6 Slay+2}
   908 | D:2      | Found Rifag's Book Shoppe.
  1049 | D:2      | Found an ancient bone altar of Kikubaaqudgha.
  1287 | D:2      | Reached XP level 4. HP: 42/42 MP: 3/3
  1309 | D:3      | Reached skill level 5 in Unarmed Combat
  1344 | D:4      | Found a glowing silver altar of Zin.
  1541 | D:4      | Found an ancient bone altar of Kikubaaqudgha.
  1541 | D:4      | Found a shimmering blue altar of Sif Muna.
  1553 | D:4      | Noticed an ogre
  1559 | D:4      | Killed an ogre
  1560 | D:4      | Reached skill level 6 in Unarmed Combat
  1560 | D:4      | Reached XP level 5. HP: 49/49 MP: 4/4
  1589 | D:4      | Found a staircase to the Ecumenical Temple.
  1600 | Temple   | Entered the Ecumenical Temple
  1628 | Temple   | Became a worshipper of Makhleb the Destroyer
  1697 | D:4      | Found a sand-covered staircase.
  1702 | Ossuary  | Entered an ossuary
  1801 | Ossuary  | Reached XP level 6. HP: 57/57 MP: 5/5
  1873 | Ossuary  | Reached * piety under Makhleb
  2067 | D:4      | Found a runed translucent gate.
  2067 | D:4      | Found a runed translucent gate.
  2067 | D:4      | Found a runed translucent gate.
  2132 | D:3      | Reached skill level 7 in Unarmed Combat
  2276 | D:3      | Found a blossoming altar of Fedhas.
  2645 | D:5      | Entered Level 5 of the Dungeon
  2663 | D:4      | Noticed tulseluper's ghost (amateur HOFi)
  2920 | D:5      | Noticed a water moccasin
  2923 | D:5      | Killed a water moccasin
  2924 | D:5      | Reached XP level 7. HP: 60/65 MP: 6/6
  3086 | D:5      | Reached skill level 8 in Unarmed Combat
  3368 | D:5      | Reached ** piety under Makhleb
  3494 | D:5      | Reached skill level 9 in Unarmed Combat
  3746 | D:6      | Reached XP level 8. HP: 65/72 MP: 7/7
  3777 | D:5      | Reached skill level 10 in Unarmed Combat
  4052 | D:6      | Noticed a gargoyle
  4061 | D:6      | Found a runed translucent gate.
  4061 | D:6      | Identified the +9 chain mail of Guxziutet {Dex+3}
  4061 | D:6      | Noticed Chqr's ghost (amateur FeSu)
  4062 | D:6      | Found a runed translucent gate.
  4063 | D:6      | Found a runed translucent gate.
  4477 | D:7      | Reached skill level 11 in Unarmed Combat
  4633 | D:7      | Reached *** piety under Makhleb
  4854 | D:7      | Reached XP level 9. HP: 78/80 MP: 8/8
  5021 | D:7      | Identified the +4 flail "Yffifoce" {heavy, +Blink rF- Str+3
                  | Int+7}
  5167 | D:8      | Noticed a troll
  5274 | D:7      | Reached skill level 5 in Throwing
  5440 | D:7      | Reached **** piety under Makhleb
  5494 | D:7      | Reached skill level 12 in Unarmed Combat
  5586 | D:6      | Reached skill level 1 in Invocations
  5692 | D:6      | HP: 3/80 [black bear (6)]
  5692 | D:6      | Slain by a centaur

Illustrated notes

Levels and vault maps discovered:
D:1:      minmay_arrival_glassed_features, layout_loops_ring,
          minmay_pentomino_q2
D:2:      layout_rooms, basic_altar, serial_shops, nicolae_shop_waterfront
D:3:      layout_rooms, fedhas_altar_3
D:4:      minmay_diamond_boxcup, layout_cave_pools,
          mainiacjoe_overflow_boulevard, nicolae_overflow_two_pavilions,
          minmay_temple_entry_arrows, nicolae_ossuary_entry_catacombs,
          gammafunk_ghost_necromancy
D:5:      layout_basic
D:6:      layout_loops_cross, biasface_ghost_orc_armoury, minmay_manual_maat
D:7:      layout_loops_corners
D:8:      layout_basic, mainiacjoe_overflow_24_doors, erik_lair_island,
          serial_glass, glass_columns_c, glass_columns_a, minmay_diced_spiral
Temple:   nicolae_temple_superstar

Skill      XL: |  1  2  3  4  5  6  7  8  9 |
---------------+----------------------------+-----
Unarmed Combat | 4 6 7 9 11 12 | 12.0
Fighting       | 2 |  2.9
Throwing       | 2 4 5 |  5.3
Dodging        | 3 |  3.3
Invocations    | 1 |  1.0

Action                     |  1- 3 |  4- 6 |  7- 9 || total
---------------------------+-------+-------+-------++-------
  Melee: Unarmed           |    78 |    97 |   217 ||   392
         Punch             |     1 |     3 |     8 ||    12
  Throw: Large rock        |     5 |     3 |     2 ||    10
         Throwing net      |       |     1 |       ||     1
         Stone             |       |    15 |       ||    15
         Boomerang         |       |     1 |    65 ||    66
         Dart              |       |       |     2 ||     2
  Evoke: Wand              |       |       |     1 ||     1
    Use: Scroll            |       |     9 |     7 ||    16
         Potion            |       |       |     6 ||     6
   Stab: Sleeping          |     2 |     1 |       ||     3
 Armour: Robe              |    37 |    43 |   163 ||   243
  Dodge: Dodged            |    35 |    34 |   112 ||   181

Table legend: (Time is in decaauts)
 A = Elapsed time spent in this place.
 B = Non-inter-level travel time spent in this place.
 C = Inter-level travel time spent in this place.
 D = Time resting spent in this place.
 E = Time spent auto-exploring this place.
 F = Levels seen in this place.
 G = Mean time per level.
                   A        B        C        D        E       F      G
               +--------+--------+--------+--------+--------+-----+--------+
         Total |   5641 |   5275 |    366 |     24 |   3593 |  10 |  564.1 |
       Dungeon |   5286 |   4948 |    338 |     24 |   3471 |   8 |  660.8 |
        Temple |     56 |     28 |     28 |      0 |      0 |   1 |   56.0 |
       Ossuary |    298 |    298 |      0 |      0 |    122 |   1 |  298.0 |
               +--------+--------+--------+--------+--------+-----+--------+

Top non-repeatable levels by time:
     D:7: 1187 daAuts
     D:4: 892 daAuts
     D:5: 840 daAuts
     D:1: 764 daAuts
     D:6: 633 daAuts
     D:2: 508 daAuts
     D:3: 391 daAuts
 Ossuary: 298 daAuts
     D:8: 67 daAuts
  Temple: 56 daAuts
